| TOP OF THE 1ST |
|
Great Falls Voyagers batting - Pitching for Orem Owlz : LHP Lee Wendt
|
|
Pitching: LHP Lee Wendt
|
|
|
Batting: RHB Kasey Bland
|
0-0: Ball 1-0: Ground out 4-3 (Groundball, 4, EV 91.9 MPH)
|
|
Batting: LHB Justin Stickney
|
0-0: Called Strike 0-1: Ball 1-1: Ground out 5-3 (Groundball, 25, EV 81.2 MPH)
|
|
Batting: RHB Mike Rosa
|
0-0: Ball 1-0: Fly out, F8 (Flyball, 78S, EV 70.6 MPH)
|
| Top of the 1st over - 0 runs, 0 hits, 0 errors, 0 left on base; Great Falls 0 - Orem 0 |
| BOTTOM OF THE 1ST |
|
Orem Owlz batting - Pitching for Great Falls Voyagers : RHP Ryan Burson
|
|
Pitching: RHP Ryan Burson
|
|
|
Batting: RHB Nick Lombardo
|
0-0: Ball 1-0: Fly out, F7 (Line Drive, 7LM, EV 90.6 MPH)
|
|
Batting: RHB Jon Shonka
|
0-0: Ball 1-0: Ball 2-0: Ground out 5-3 (Groundball, 56, EV 89.4 MPH)
|
|
Batting: LHB Alberto Carrillo
|
0-0: Ball 1-0: DOUBLE (Line Drive, 7LS, EV 97.5 MPH)
|
|
Batting: RHB Peter Westover
|
0-0: Ball 1-0: SINGLE (Groundball, 56D, EV 106.9 MPH) Alberto Carrillo to third Runner from 3rd tries for Home, SAFE, throw by LF to home
|
|
Batting: RHB Kyle Gray
|
0-0: Ball Peter Westover steals 2nd base 1-0: Ground out 6-3 (Groundball, 56, EV 101.2 MPH)
|
| Bottom of the 1st over - 1 run, 2 hits, 0 errors, 1 left on base; Great Falls 0 - Orem 1 |
| TOP OF THE 2ND |
|
Great Falls Voyagers batting - Pitching for Orem Owlz : LHP Lee Wendt
|
|
Batting: RHB Andy Cotton
|
0-0: Called Strike 0-1: Swinging Strike 0-2: Ball 1-2: Strikes out swinging
|
|
Batting: RHB Mitch Cuadros
|
0-0: Ball 1-0: Ball 2-0: Swinging Strike 2-1: SINGLE (Flyball, 56D, EV 85.0 MPH)
|
|
Batting: SHB Ethan Villalobos
|
0-0: Ball 1-0: Foul Ball, location: 2F 1-1: Ball 2-1: Fly out, F2 (Popup, 23F, EV 85.6 MPH)
|
|
Batting: SHB Jay Gagnon
|
0-0: Called Strike 0-1: Ball 1-1: Ball 2-1: Foul Ball, location: 2F 2-2: Foul Ball, location: 2F 2-2: Ball 3-2: Base on Balls Mitch Cuadros to second
|
|
Batting: RHB Billy Grubbs
|
0-0: Called Strike 0-1: Called Strike 0-2: Ball 1-2: Ball 2-2: Strikes out swinging
|
| Top of the 2nd over - 0 runs, 1 hit, 0 errors, 2 left on base; Great Falls 0 - Orem 1 |
| BOTTOM OF THE 2ND |
|
Orem Owlz batting - Pitching for Great Falls Voyagers : RHP Ryan Burson
|
|
Batting: RHB Ricky Mejicanos
|
0-0: Ball 1-0: Ball 2-0: Ball 3-0: Called Strike 3-1: Called Strike 3-2: Fly out, F8 (Flyball, 78D, EV 94.4 MPH)
|
|
Batting: SHB Winikeneke Keikemamake
|
0-0: Foul Ball, location: 2F 0-1: Called Strike 0-2: Ball 1-2: Ground out 4-3 (Groundball, 4, EV 98.8 MPH)
|
|
Batting: RHB Sean Rocha
|
0-0: Called Strike 0-1: Called Strike 0-2: Strikes out swinging
|
| Bottom of the 2nd over - 0 runs, 0 hits, 0 errors, 0 left on base; Great Falls 0 - Orem 1 |
| TOP OF THE 3RD |
|
Great Falls Voyagers batting - Pitching for Orem Owlz : LHP Lee Wendt
|
|
Batting: RHB Vladmiri Nugaibekov
|
0-0: Ball 1-0: Foul Ball, location: 2F 1-1: Ball 2-1: Foul Ball, location: 2F 2-2: Strikes out swinging
|
|
Batting: RHB Kasey Bland
|
0-0: Called Strike 0-1: Foul Ball, location: 2F 0-2: Ball 1-2: Ball 2-2: Foul Ball, location: 2F 2-2: Fly out, F7 (Flyball, 78M, EV 94.4 MPH)
|
|
Batting: LHB Justin Stickney
|
0-0: Ball 1-0: SINGLE (Line Drive, 8LS, EV 91.2 MPH)
|
|
Batting: RHB Mike Rosa
|
0-0: SINGLE (Flyball, 34D, EV 90.0 MPH) Justin Stickney to second Runner from 2nd tries for 3rd, SAFE, throw by RF made to third
|
|
Batting: RHB Andy Cotton
|
0-0: Ball 1-0: Ground out 5-3 (Groundball, 56S, EV 83.8 MPH)
|
| Top of the 3rd over - 0 runs, 2 hits, 0 errors, 2 left on base; Great Falls 0 - Orem 1 |
| BOTTOM OF THE 3RD |
|
Orem Owlz batting - Pitching for Great Falls Voyagers : RHP Ryan Burson
|
|
Batting: RHB Trevor Kingston
|
0-0: Called Strike 0-1: Foul Ball, location: 2F 0-2: Ball 1-2: SINGLE (Groundball, 34D, EV 105.6 MPH) (infield hit)
|
|
Batting: RHB Nick Lombardo
|
0-0: Ball 1-0: SINGLE (Groundball, 56D, EV 98.8 MPH) Trevor Kingston to second
|
|
Batting: RHB Jon Shonka
|
0-0: SINGLE (Line Drive, 56, EV 109.4 MPH) Trevor Kingston to third Nick Lombardo to second
|
|
Batting: LHB Alberto Carrillo
|
0-0: Ball 1-0: Ball 2-0: Called Strike 2-1: Ball 3-1: Base on Balls Trevor Kingston scores Nick Lombardo to third Jon Shonka to second
|
|
Batting: RHB Peter Westover
|
0-0: Called Strike 0-1: Ball 1-1: Foul Ball, location: 2F 1-2: Ball 2-2: Foul Ball, location: 2F 2-2: Strikes out swinging
|
|
Batting: RHB Kyle Gray
|
0-0: Fielders Choice at 2nd, 4-6 (Groundball, 4, EV 100.0 MPH) Nick Lombardo scores Jon Shonka to third
|
|
Batting: RHB Ricky Mejicanos
|
0-0: Foul Ball, location: 2F 0-1: SINGLE (Groundball, 56D, EV 111.9 MPH) Jon Shonka scores Kyle Gray to second
|
|
Batting: SHB Winikeneke Keikemamake
|
0-0: Called Strike 0-1: Called Strike 0-2: Strikes out swinging
|
| Bottom of the 3rd over - 3 runs, 4 hits, 0 errors, 2 left on base; Great Falls 0 - Orem 4 |
| TOP OF THE 4TH |
|
Great Falls Voyagers batting - Pitching for Orem Owlz : LHP Lee Wendt
|
|
Batting: RHB Mitch Cuadros
|
0-0: Ball 1-0: Swinging Strike 1-1: Foul Ball, location: 2F 1-2: Ball 2-2: Foul Ball, location: 2F 2-2: Strikes out swinging, 2-3 out at first.
|
|
Batting: SHB Ethan Villalobos
|
0-0: Called Strike 0-1: Foul Ball, location: 2F 0-2: Ground out 6-3 (Groundball, 6, EV 101.9 MPH)
|
|
Batting: SHB Jay Gagnon
|
0-0: Ball 1-0: Ball 2-0: Called Strike 2-1: SOLO HOME RUN (Flyball, 7LD, EV 97.5 MPH), Distance : 343 ft
|
|
Batting: RHB Billy Grubbs
|
0-0: Ball 1-0: Called Strike 1-1: Swinging Strike 1-2: Foul Ball, location: 2F 1-2: SOLO HOME RUN (Flyball, 8LXD, EV 116.2 MPH), Distance : 452 ft
|
|
Batting: RHB Vladmiri Nugaibekov
|
0-0: Foul Ball, location: 2F 0-1: Ball 1-1: Ball 2-1: Ground out 6-3 (Groundball, 6S, EV 65.0 MPH)
|
| Top of the 4th over - 2 runs, 2 hits, 0 errors, 0 left on base; Great Falls 2 - Orem 4 |
| BOTTOM OF THE 4TH |
|
Orem Owlz batting - Pitching for Great Falls Voyagers : RHP Ryan Burson
|
|
Batting: RHB Sean Rocha
|
0-0: Foul Ball, location: 2F 0-1: Ground out 5-3 (Groundball, 56, EV 101.2 MPH)
|
|
Batting: RHB Trevor Kingston
|
0-0: Called Strike 0-1: Ground out 6-3 (Groundball, 6S, EV 74.4 MPH)
|
|
Batting: RHB Nick Lombardo
|
0-0: Ball 1-0: Called Strike 1-1: SOLO HOME RUN (Flyball, 78XD, EV 109.4 MPH), Distance : 412 ft
|
|
Batting: RHB Jon Shonka
|
0-0: Ball 1-0: Swinging Strike 1-1: Ball 2-1: Ground out 5-3 (Groundball, 56S, EV 86.2 MPH)
|
| Bottom of the 4th over - 1 run, 1 hit, 0 errors, 0 left on base; Great Falls 2 - Orem 5 |
| TOP OF THE 5TH |
|
Great Falls Voyagers batting - Pitching for Orem Owlz : LHP Lee Wendt
|
|
Batting: RHB Kasey Bland
|
0-0: Ball 1-0: Foul Ball, location: 2F 1-1: Ball 2-1: Called Strike 2-2: SOLO HOME RUN (Flyball, 78XD, EV 113.1 MPH), Distance : 422 ft
|
|
Batting: LHB Justin Stickney
|
0-0: Called Strike 0-1: Ball 1-1: Foul Ball, location: 2F 1-2: Ball 2-2: Ball 3-2: Strikes out swinging
|
|
Batting: RHB Mike Rosa
|
0-0: Called Strike 0-1: Ball 1-1: SOLO HOME RUN (Line Drive, 7LD, EV 97.5 MPH), Distance : 355 ft
|
|
Batting: RHB Andy Cotton
|
0-0: Ball 1-0: Ball 2-0: Foul Ball, location: 2F 2-1: Ball 3-1: Base on Balls
|
|
Batting: RHB Mitch Cuadros
|
0-0: Ball Wild Pitch! Andy Cotton to second 1-0: Called Strike 1-1: Ball 2-1: Ball 3-1: Foul Ball, location: 2F 3-2: SINGLE (Line Drive, 9S, EV 99.4 MPH) Andy Cotton to third
|
|
Batting: SHB Ethan Villalobos
|
0-0: Called Strike 0-1: Ball 1-1: Ball 2-1: Ball 3-1: Base on Balls Mitch Cuadros to second
|
|
Pitching: RHP Jim Sawicki
|
|
|
Batting: SHB Jay Gagnon
|
0-0: Foul Ball, location: 2F 0-1: Foul Ball, location: 2F 0-2: Ball 1-2: Ball 2-2: Foul Ball, location: 2F 2-2: Ball 3-2: Foul Ball, location: 2F 3-2: Base on Balls Andy Cotton scores Mitch Cuadros to third Ethan Villalobos to second
|
|
Batting: RHB Billy Grubbs
|
0-0: Fly out, F3 (Popup, 3, EV 70.6 MPH)
|
|
Batting: RHB Vladmiri Nugaibekov
|
0-0: Swinging Strike 0-1: Foul Ball, location: 2F 0-2: Strikes out swinging
|
| Top of the 5th over - 3 runs, 3 hits, 0 errors, 3 left on base; Great Falls 5 - Orem 5 |
| BOTTOM OF THE 5TH |
|
Orem Owlz batting - Pitching for Great Falls Voyagers : RHP Ryan Burson
|
|
Batting: LHB Alberto Carrillo
|
0-0: Ball 1-0: Called Strike 1-1: Ball 2-1: Ball 3-1: Foul Ball, location: 2F 3-2: Foul Ball, location: 2F 3-2: Foul Ball, location: 2F 3-2: Strikes out swinging
|
|
Batting: RHB Peter Westover
|
0-0: Called Strike 0-1: SINGLE (Line Drive, 9S, EV 96.2 MPH)
|
|
Pitching: RHP Alec Guglielmo
|
|
|
Batting: RHB Kyle Gray
|
0-0: Ball 1-0: Called Strike 1-1: Ball 2-1: Ball 3-1: Swinging Strike 3-2: Foul Ball, location: 2F 3-2: Foul Ball, location: 2F 3-2: Base on Balls Peter Westover to second
|
|
Batting: RHB Ricky Mejicanos
|
0-0: Called Strike 0-1: SINGLE (Groundball, 56D, EV 103.8 MPH) (infield hit) Peter Westover to third Kyle Gray to second
|
|
Batting: SHB Winikeneke Keikemamake
|
0-0: Ball Wild Pitch! Peter Westover scores Kyle Gray to third Ricky Mejicanos to second 1-0: Foul Ball, location: 2F 1-1: Reached on error, E6 (Groundball, P, EV 86.2 MPH) Kyle Gray scores Ricky Mejicanos to third
|
|
Batting: RHB Sean Rocha
|
0-0: Ball 1-0: Ball 2-0: Called Strike 2-1: Ball 3-1: Foul Ball, location: 2F 3-2: Foul Ball, location: 2F 3-2: Strikes out swinging
|
|
Batting: RHB Trevor Kingston
|
0-0: Ball 1-0: Ball 2-0: Foul Ball, location: 2F 2-1: Ball 3-1: Called Strike 3-2: Base on Balls Winikeneke Keikemamake to second
|
|
Pitching: RHP Ivan Gaona
|
|
|
Batting: RHB Nick Lombardo
|
0-0: Foul Ball, location: 2F 0-1: Ball 1-1: Called Strike 1-2: Ball 2-2: Strikes out looking
|
| Bottom of the 5th over - 2 runs, 2 hits, 1 error, 3 left on base; Great Falls 5 - Orem 7 |
| TOP OF THE 6TH |
|
Great Falls Voyagers batting - Pitching for Orem Owlz : RHP Jim Sawicki
|
|
Batting: RHB Kasey Bland
|
0-0: Called Strike 0-1: Fly out, F8 (Flyball, 78M, EV 88.8 MPH)
|
|
Batting: LHB Justin Stickney
|
0-0: Ball 1-0: Ball 2-0: Foul Ball, location: 2F 2-1: Ball 3-1: Base on Balls
|
|
Batting: RHB Mike Rosa
|
0-0: Fielders Choice at 2nd, 6-4 (Groundball, 6, EV 93.1 MPH)
|
|
Batting: RHB Andy Cotton
|
0-0: Called Strike Mike Rosa steals 2nd base 0-1: Called Strike 0-2: Ball 1-2: Strikes out looking
|
| Top of the 6th over - 0 runs, 0 hits, 0 errors, 1 left on base; Great Falls 5 - Orem 7 |
| BOTTOM OF THE 6TH |
|
Orem Owlz batting - Pitching for Great Falls Voyagers : RHP Ivan Gaona
|
|
Batting: RHB Jon Shonka
|
0-0: Ground out 6-3 (Groundball, 6, EV 94.4 MPH)
|
|
Batting: LHB Alberto Carrillo
|
0-0: Called Strike 0-1: Called Strike 0-2: Ball 1-2: Fly out, F8 (Flyball, 8RM, EV 93.1 MPH)
|
|
Batting: RHB Peter Westover
|
0-0: Ball 1-0: Ball 2-0: Called Strike 2-1: Foul Ball, location: 2F 2-2: Ground out 5-3 (Groundball, 5, EV 86.9 MPH)
|
| Bottom of the 6th over - 0 runs, 0 hits, 0 errors, 0 left on base; Great Falls 5 - Orem 7 |
| TOP OF THE 7TH |
|
Great Falls Voyagers batting - Pitching for Orem Owlz : RHP Jim Sawicki
|
|
Pitching: RHP Josh Brewer
|
|
|
Batting: RHB Mitch Cuadros
|
0-0: Ground out 5-3 (Groundball, 56, EV 86.9 MPH)
|
|
Batting: SHB Ethan Villalobos
|
0-0: Ball 1-0: Swinging Strike 1-1: Ball 2-1: Ball 3-1: Swinging Strike 3-2: Ground out U3 (Groundball, 3, EV 102.5 MPH)
|
|
Batting: SHB Jay Gagnon
|
0-0: Called Strike 0-1: Foul Ball, location: 2F 0-2: Ball 1-2: Fly out, F9 (Flyball, 89M, EV 88.1 MPH)
|
| Top of the 7th over - 0 runs, 0 hits, 0 errors, 0 left on base; Great Falls 5 - Orem 7 |
| BOTTOM OF THE 7TH |
|
Orem Owlz batting - Pitching for Great Falls Voyagers : RHP Ivan Gaona
|
|
Batting: RHB Kyle Gray
|
0-0: Foul Ball, location: 2F 0-1: Ball 1-1: Ball 2-1: Foul Ball, location: 2F 2-2: Ball 3-2: Base on Balls
|
|
Batting: RHB Ricky Mejicanos
|
0-0: Called Strike 0-1: Ball 1-1: Called Strike 1-2: Ball 2-2: Strikes out swinging
|
|
Pitching: RHP Chris Worster
|
|
|
Batting: SHB Winikeneke Keikemamake
|
0-0: Ball Pickoff Throw to First - Out! 1-3 1-0: Ball 2-0: Ball 3-0: Base on Balls
|
|
Batting: RHB Sean Rocha
|
0-0: Called Strike 0-1: Ball 1-1: 2-RUN HOME RUN (Flyball, 9LD, EV 93.1 MPH), Distance : 347 ft
|
|
Batting: RHB Trevor Kingston
|
0-0: Ball 1-0: Ground out 6-3 (Groundball, 6, EV 88.1 MPH)
|
| Bottom of the 7th over - 2 runs, 1 hit, 0 errors, 0 left on base; Great Falls 5 - Orem 9 |
| TOP OF THE 8TH |
|
Great Falls Voyagers batting - Pitching for Orem Owlz : RHP Josh Brewer
|
|
Batting: RHB Billy Grubbs
|
0-0: Ball 1-0: Called Strike 1-1: Ground out 6-3 (Groundball, 6, EV 91.2 MPH)
|
|
Batting: RHB Vladmiri Nugaibekov
|
0-0: Ball 1-0: Called Strike 1-1: Ground out 6-3 (Groundball, 56D, EV 101.2 MPH)
|
|
Batting: RHB Kasey Bland
|
0-0: Ball 1-0: Ball 2-0: Swinging Strike 2-1: Ball 3-1: Reached on error, E3 (Groundball, 34, EV 88.1 MPH)
|
|
Pitching: LHP Paul Griffin
|
|
|
Batting: LHB Justin Stickney
|
0-0: Ball 1-0: Fielders Choice at 2nd, 6-4 (Groundball, 6, EV 94.4 MPH)
|
| Top of the 8th over - 0 runs, 0 hits, 1 error, 1 left on base; Great Falls 5 - Orem 9 |
| BOTTOM OF THE 8TH |
|
Orem Owlz batting - Pitching for Great Falls Voyagers : RHP Chris Worster
|
|
Batting: RHB Nick Lombardo
|
0-0: Foul Ball, location: 2F 0-1: Fly out, F9 (Flyball, 9, EV 71.9 MPH)
|
|
Batting: RHB Jon Shonka
|
0-0: Swinging Strike 0-1: Foul Ball, location: 2F 0-2: Foul Ball, location: 2F 0-2: Strikes out swinging
|
|
Batting: LHB Alberto Carrillo
|
0-0: Ball 1-0: Foul Ball, location: 2F 1-1: Ball 2-1: Ground out 1-3 (Groundball, 13S, EV 68.8 MPH)
|
| Bottom of the 8th over - 0 runs, 0 hits, 0 errors, 0 left on base; Great Falls 5 - Orem 9 |
| TOP OF THE 9TH |
|
Great Falls Voyagers batting - Pitching for Orem Owlz : LHP Paul Griffin
|
|
Batting: RHB Mike Rosa
|
0-0: Fly out, F8 (Flyball, 8RD, EV 90.0 MPH)
|
|
Batting: RHB Andy Cotton
|
0-0: Ball 1-0: Ground out 6-3 (Groundball, 6MD, EV 86.2 MPH)
|
|
Batting: RHB Mitch Cuadros
|
0-0: Ball 1-0: Called Strike 1-1: Called Strike 1-2: Strikes out looking
|
| Top of the 9th over - 0 runs, 0 hits, 0 errors, 0 left on base; Great Falls 5 - Orem 9 |
|